[Event "4th Paytakht Cup 2019"]
[Site "Tehran"]
[Date "2019.11.04"]
[Round "6.6"]
[White "Hosseinipour, Mehdi"]
[Black "Tahbaz, Arash"]
[Result "0-1"]
[ECO "B84"]
[WhiteElo "2276"]
[BlackElo "2476"]
[Annotator "ChessBase"]
[PlyCount "106"]
[EventDate "2019.10.30"]
[EventType "swiss"]
[EventCountry "IRI"]
[SourceTitle "playchess.com"]
[Source "ChessBase"]
[SourceQuality "1"]
[TimeControl "5400+30"]

1. e4 c5 2. Nf3 d6 3. d4 cxd4 4. Nxd4 Nf6 5. Nc3 a6 6. Be2 e6 7. O-O Nc6 8. Be3 Be7 9. a4 O-O 10. f4 Bd7 11. Nb3 b6 12. Bf3 Qc7 13. g4 Bc8 14. g5 Nd7 15. Bg2 Re8 16. Rf3 Bf8 17. Rh3 g6 18. Qe1 Bg7 19. Qh4 Nf8 20. f5 Bxc3 21. f6 h5 22. gxh6 Kh7 23. bxc3 Ne5 24. Bf2 Bb7 25. Qf4 Nfd7 26. Rg3 Qd8 27. Rf1 Qxf6 28. Qd2 Qe7 29. Rd1 Nf6 30. Qd4 Rac8 31. Nd2 Nh5 32. Re3 Ng4 33. Rf3 Ne5 34. Re3 Ng4 35. Rf3 e5 36. Qxb6 Nf4 37. Bg3 Nxg2 38. Kxg2 f5 39. Rdf1 f4 40. Kg1 Nxh6 41. Bf2 Nf7 42. h4 Qd7 43. Rd3 Rb8 44. Kh2 g5 45. Qa7 Ra8 46. Qb6 g4 47. Kg2 Rg8 48. Bg1 g3 49. Rd1 Bc8 50. Kf1 Qh3+ 51. Ke1 Bg4 52. Nf3 Qg2 53. Qb7 Raf8 0-1

[Event "4th Paytakht Cup 2019"]
[Site "Tehran"]
[Date "2019.11.04"]
[Round "6.7"]
[White "Pour Agha Bala, Amirreza"]
[Black "Darini, Pouria"]
[Result "1/2-1/2"]
[ECO "B31"]
[WhiteElo "2420"]
[BlackElo "2427"]
[Annotator "RC"]
[PlyCount "170"]
[EventDate "2019.10.30"]
[EventType "swiss"]
[EventCountry "IRI"]
[SourceTitle "playchess.com"]
[Source "ChessBase"]
[SourceQuality "1"]
[TimeControl "5400+30"]

1. e4 c5 2. Nf3 Nc6 3. Bb5 g6 4. Bxc6 dxc6 5. d3 Bg7 6. O-O Nf6 7. Re1 Bg4 8. Nbd2 Nd7 9. h3 Bxf3 10. Qxf3 O-O 11. Qg3 e5 12. Nc4 b5 13. Nd2 Nb6 14. Qe3 Qd6 15. Qe2 a5 16. Nf3 a4 17. Be3 f5 18. exf5 gxf5 19. Rad1 Rae8 20. c4 b4 21. Qc2 Kh8 22. Re2 Nd7 23. Qxa4 Ra8 24. Qb3 Qg6 25. a3 Rg8 26. Kh1 Bf6 27. Rg1 bxa3 28. bxa3 Rgb8 29. Qc2 Rxa3 30. Bc1 Rab3 31. Nh2 f4 32. Re4 R3b7 33. Ng4 Bg7 34. Rge1 Qd6 35. R4e2 Rb3 36. Rd1 Kg8 37. f3 Nf8 38. Qa2 Rxd3 39. Rxd3 Qxd3 40. Kh2 Ng6 41. Rd2 Qb1 42. Qa7 Rb7 43. Rd8+ Nf8 44. Qa8 Rf7 45. Ba3 Qe1 46. Bxc5 Qg3+ 47. Kh1 Qe1+ 48. Bg1 e4 49. Qxc6 e3 50. Nh6+ Bxh6 51. Qxh6 Qg3 52. Re8 Qg6 53. Qxg6+ hxg6 54. g3 g5 55. Kg2 Kh7 56. h4 gxh4 57. gxf4 Ng6 58. Bxe3 Ne7 59. Kh3 Nf5 60. Bf2 Nd6 61. Re6 Nxc4 62. Kg4 h3 63. Bg3 Nd2 64. Re5 Nf1 65. Kxh3 Nxg3 66. Kxg3 Kg6 67. Kg4 Ra7 68. Re6+ Kf7 69. Rb6 Ra5 70. Rb4 Kf6 71. Re4 Rb5 72. Ra4 Rc5 73. Ra6+ Kf7 74. f5 Rc1 75. Kf4 Rb1 76. Kg4 Rg1+ 77. Kf4 Rb1 78. f6 Rb4+ 79. Kg3 Kg6 80. f4 Rb1 81. Kf3 Rf1+ 82. Ke4 Re1+ 83. Kd5 Kf7 84. Rd6 Rd1+ 85. Kc6 Rxd6+ 1/2-1/2